 Dungeon Crawl Stone Soup version 0.32-a0-841-g4648e6c457 (webtiles) character file.

Game seed: 10857012905744842975

53008 wildpjah the Covert (level 14, -3/103 HPs)
             Began as a Demonspawn Gladiator on Mar 26, 2024.
             Was a Follower of Uskayaw.
             Slain by a sixfirhy (10 damage)
             ... on level 1 of the Abyss.
             The game lasted 01:05:00 (19536 turns).

wildpjah the Covert (Demonspawn Gladiator)         Turns: 19536, Time: 01:05:02

Health: -3/103     AC: 17    Str: 16    XL:     14   Next: 29%
Magic:  23/23      EV: 13    Int: 14    God:    Uskayaw [*.....]
Gold:   553        SH:  5    Dex: 17    Spells: 14/26 levels left

rFire   . . .        t - +5 dagger of the Forest {flame, ^Contam rPois rN+}
rCold   . . .        P - +0 buckler
rNeg    + . .        W - +1 acid dragon scales
rPois   +            c - +0 helmet
rElec   .            y - +0 cloak
rCorr   +            s - +1 Delatra's gloves {ID++}
SInv    +            (boots unavailable)
Will    +....        Y - amulet of magic regeneration
Stlth   +++++++      X - ring of Okawaru's Generosity {Int+4 SInv}
HPRegen 0.37/turn    Q - ring of wizardry
MPRegen 0.58/turn

%: wizardry (x1)
@: wreathed by umbra
A: hooves 3, sharp scales 2, demonic magic 3, foul shadow 3
a: Renounce Religion, Stomp


You were on level 1 of the Abyss.
You worshipped Uskayaw.
Uskayaw was noncommittal.
You visited 3 branches of the dungeon, and saw 18 of its levels.
You visited the Abyss 1 time.

You collected 948 gold pieces.
You spent 395 gold pieces at shops.

Inventory:

Hand Weapons
 e - a +2 short sword of electrocution
 h - a +1 heavy scimitar
 t - the +5 dagger of the Forest (weapon) {flame, ^Contam rPois rN+}
   (You found it on level 3 of the Dungeon)

   rPois:     It protects you from poison.
   rN+:       It protects you from negative energy.
   ^Contam:   It causes magical contamination when unequipped.
 B - a +0 great sword
Missiles
 d - 3 throwing nets
Armour
 c - a +0 helmet (worn)
 s - the +1 Delatra's gloves (worn) {ID++}
   (You found it on level 3 of the Dungeon)

   ID++:      It heals its wearer when they drink unknown potions, and restores
   their MP when they read unknown scrolls.
 y - a +0 cloak (worn)
 P - a +0 buckler (worn)
 W - +1 acid dragon scales (worn)
Jewellery
 a - a ring of protection from fire
 b - a ring of wizardry
 C - a +4 ring of protection
 G - a ring of protection from cold
 I - an amulet of reflection
 Q - a ring of wizardry (right hand)
 R - an amulet of guardian spirit
 X - the ring of Okawaru's Generosity (left hand) {Int+4 SInv}
   (You bought it in a shop on level 10 of the Dungeon)

   [ring of see invisible]

   Int+4:     It affects your intelligence (+4).
   SInv:      It lets you see invisible.
 Y - an amulet of magic regeneration (around neck)
Wands
 u - a wand of paralysis (7)
 x - a wand of polymorph (21)
 F - a wand of warping (18)
 H - a wand of mindburst (20)
 L - a wand of flame (11)
 O - a wand of acid (7)
 Z - a wand of digging (5)
Scrolls
 f - 2 scrolls of vulnerability
 j - 3 scrolls of poison
 m - 3 scrolls of fog
 n - 12 scrolls of identify
 o - 2 scrolls of brand weapon
 v - 4 scrolls of teleportation
 z - 3 scrolls of revelation {unknown}
 J - 2 scrolls of immolation {unknown}
 M - 3 scrolls of amnesia {unknown}
 N - a scroll of torment
 S - 2 scrolls of enchant armour
Potions
 g - a potion of cancellation
 i - a potion of berserk rage
 k - 2 potions of magic
 l - a potion of enlightenment
 p - 4 potions of curing
 q - 4 potions of attraction
 w - 3 potions of heal wounds
 D - a potion of invisibility
 E - 2 potions of lignification
 K - 2 potions of ambrosia
 V - 3 potions of might
Miscellaneous
 A - a box of beasts
 U - a lightning rod (4/4)


   Skills:
 + Level 7.5 Fighting
 + Level 6.0(7.5) Short Blades
 + Level 6.9(8.0) Long Blades
 + Level 2.1 Throwing
 + Level 10.6 Armour
 + Level 6.8 Dodging
 * Level 12.4 Stealth
 + Level 2.2 Shields
 + Level 6.5 Spellcasting
 + Level 7.1 Hexes
 - Level 4.7 Ice Magic
 * Level 3.5 Alchemy
 * Level 4.6 Invocations
 * Level 3.1 Evocations


You had 14 spell levels left.
You knew the following spells:

 Your Spells              Type           Power      Damage    Failure   Level
a - Ensorcelled Hibernat  Hex/Ice        42%        N/A       1%          2
b - Jinxbite              Hex            48%        N/A       1%          2
c - Tukima's Dance        Hex            24%        N/A       1%          3
d - Yara's Violent Unrav  Hex/Alch       9%         3d6       30%         5

Your spell library contained the following spells:

 Spells                   Type           Power      Damage    Failure   Level
 Summon Small Mammal      Summ           16%        N/A       11%         1
 Blink                    Tloc           8%         N/A       16%         2
 Lesser Beckoning         Tloc           8%         N/A       16%         2
 Momentum Strike          Conj/Tloc      8%         3d8       16%         2
 Anguish                  Hex/Necr       7%         N/A       22%         4
 Dimensional Bullseye     Hex/Tloc       7%         N/A       22%         4
 Call Canine Familiar     Summ           4%         N/A       28%         3
 Fugue of the Fallen      Necr           4%         N/A       28%         3
 Gell's Gravitas          Tloc           4%         N/A       28%         3
 Teleport Other           Tloc           4%         N/A       28%         3
 Iskenderun's Mystic Bla  Conj/Tloc      4%         2d3       65%         4
 Passage of Golubria      Tloc           4%         N/A       65%         4
 Summon Blazeheart Golem  Fire/Summ      4%         N/A       65%         4
 Enfeeble                 Hex            12%        N/A       98%         7
 Dispersal                Tloc           2%         N/A       100%        6


Dungeon Overview and Level Annotations

Branches:
Dungeon (12/15)            Temple (1/1) D:7            Lair (5/5) D:11
 Shoals (0/4) Lair:2       Spider (0/4) Lair:3        Slime (0/5) Lair:5
    Orc (0/2) D:10

Altars:
Ashenzari
Cheibriados
Dithmenos
Fedhas
Gozag
Hepliaklqana
Kikubaaqudgha
Makhleb
Nemelex Xobeh
Okawaru
Qazlal
Ru
Sif Muna
Trog
Uskayaw
Vehumet
Wu Jian
Xom
Yredelemnul
Beogh
Jiyva

Shops:
D:1 =   D:2 ?   D:3 (   D:10 *

Annotations:
Lair:5 3 runed translucent doors, seawaffle's ghost, journeyman MiBe


Innate Abilities, Weirdness & Mutations

You have hooves in place of feet.
You are mostly covered in razor-sharp scales. (AC +2, Slay +2)
Spells you cast and wands you use may paralyse nearby enemies.
You are darkly shadowed, frequently releasing foul flame when damaged in melee.


Message History

The purple draconian shifter breathes dispelling energy at you.
The bolt of dispelling energy hits you!!
Your magical effects are unravelling.
* * * LOW HITPOINT WARNING * * *
You feel a little less mighty now.
The purple draconian shifter casts a spell at you.
You barely resist.
A bone dragon comes into view.
Found a corrupted altar of Lugonu.
The purple draconian shifter casts a spell.
The purple draconian shifter blinks!
The purple draconian shifter casts a spell at you.
You barely resist.
The purple draconian shifter casts a spell at you.
You blink.
A sixfirhy comes into view.
Press: ? - help, v - describe, . - travel The floor.
This square is wreathed by an umbra.
Aiming: Ensorcelled Hibernation (safe; 1% risk of failure)
Press: ? - help, Q - select action, (/) - cycle Shift-Dir - straight line, f - sixfirhy
Aim: a sixfirhy (translocational energy, wandering, hasn't noticed you, umbra, chance to affect: 21%)
Okay, then.
Unknown command.
Unknown command.
Unknown command.
You miss the sixfirhy. You kick the sixfirhy!
The sixfirhy is lightly wounded.
The sixfirhy hits you.
* * * LOW HITPOINT WARNING * * *
The sixfirhy shocks you!
* * * LOW HITPOINT WARNING * * *
The sixfirhy is seared by the foul flame within you.
The sixfirhy resists.
The sixfirhy is moderately wounded.
The sixfirhy barely misses you. The sixfirhy hits you.
* * * LOW HITPOINT WARNING * * *
The sixfirhy shocks you!
You die...
Your body falls in perfect tune with the rhythm.

#......
#.....#
#...#.# #
#.....##
###..
#......##...#
#...........#
#...........#
#3@#...#
#.#..##..~≈.
...#.## ...
#.#.... .
####.##. ##
##


You could see a sixfirhy.

Vanquished Creatures
  Snorg (D:10)
  Josephine (D:12)
  Erolcha (D:12)
  3 hydras (Lair:5)
  A catoblepas (Lair:5)
  12 death yaks
  2 boulder beetles (D:11)
  3 two-headed ogres
  Urug (D:12)
  Nergalle (Lair:1)
  2 skysharks
  3 cyclopes
  2 manticores (D:12)
  2 large abominations
  Joseph (D:8)
  3 elephants (Lair:5)
  A gargoyle (D:10)
  2 smoke demons
  5 black mambas
  6 cane toads
  4 rime drakes
  9 komodo dragons
  7 trolls
  A polar bear (Lair:4)
  Grinder (D:6)
  Prince Ribbit (D:7)
  A hornet (D:10)
  10 blink frogs (Lair:5)
  5 raiju
  2 spriggans (Lair:5)
  4 wraiths (D:12)
  3 ynoxinuls
  2 wyverns
  2 shadows
  41 yaks
  12 basilisks
  4 vampire mosquitoes (D:12)
  4 chaos spawn
  Edmund (D:5)
  3 swamp worms (D:9)
  14 water moccasins
  2 hell hounds (Lair:1)
  2 acid dragons (D:10)
  6 orc warriors
  2 black bears
  An ice beast (D:7)
  2 sky beasts
  10 centaurs
  13 wolves
  2 ogres
  3 starcursed masses (Abyss:1)
  2 kobold brigands
  11 bullfrogs
  10 small abominations (Lair:5)
  8 scorpions
  7 wights (D:7)
  2 bombardier beetles (D:5)
  8 jellies
  2 quasits (D:8)
  7 orc priests
  9 hounds
  A sleepcap (D:6)
  7 hell rats (Lair:5)
  4 iguanas
  9 orc wizards
  8 adders
  3 shadow imps
  7 white imps
  6 ufetubi
  6 ribbon worms
  51 orcs
  8 bats
  13 endoplasms
  3 giant cockroaches
  11 goblins
  7 hobgoblins
  4 jackals (D:1)
  4 quokkas
  7 ball pythons
  4 frilled lizards
  14 kobolds
  7 rats
477 creatures vanquished.

Vanquished Creatures (others)
  An orc wizard (D:11)
1 creature vanquished.

Grand Total: 478 creatures vanquished

Notes
Turn   | Place    | Note
-------+----------+-------------------------------------------
     0 | D:1      | wildpjah the Demonspawn Gladiator began the quest for the
                  | Orb.
     0 | D:1      | Reached XP level 1. HP: 16/16 MP: 1/1
    99 | D:1      | Gained mutation: You have large cloven feet. [demonic
                  | ancestry]
    99 | D:1      | Reached XP level 2. HP: 22/22 MP: 2/2
   377 | D:1      | Found Iqidey's Jewellery Shoppe.
   652 | D:1      | Gained mutation: You are partially covered in razor-sharp
                  | scales. (AC +1, Slay +1) [demonic ancestry]
   652 | D:1      | Reached XP level 3. HP: 27/27 MP: 3/3
  1288 | D:2      | Found a faded altar of an unknown god.
  1359 | D:2      | Reached skill level 1 in Armour
  1374 | D:2      | Gained mutation: You have hoof-like feet. [demonic
                  | ancestry]
  1374 | D:2      | Reached XP level 4. HP: 28/33 MP: 4/4
  1534 | D:2      | Found Daffenk's Magic Scroll Shoppe.
  1870 | D:3      | Found the +1 Delatra's gloves {ID++}
  1926 | D:3      | Identified the +5 dagger of the Forest {flame, ^Contam
                  | rPois rN+}
  2052 | D:3      | Gained mutation: You have hooves in place of feet. [demonic
                  | ancestry]
  2052 | D:3      | Reached XP level 5. HP: 33/39 MP: 5/5
  2335 | D:3      | Found Nolujar's Weapon Shoppe.
  2687 | D:4      | Gained mutation: Spells you cast may paralyse adjacent
                  | enemies. [demonic ancestry]
  2687 | D:4      | Reached XP level 6. HP: 46/46 MP: 6/6
  2761 | D:4      | Found an opulent altar of Gozag.
  2978 | D:4      | Found a broken altar of Ashenzari.
  3187 | D:5      | Entered Level 5 of the Dungeon
  3234 | D:5      | Noticed Edmund
  3246 | D:5      | Killed Edmund
  3247 | D:5      | Reached skill level 5 in Long Blades
  3453 | D:5      | Gained mutation: You are mostly covered in razor-sharp
                  | scales. (AC +2, Slay +2) [demonic ancestry]
  3453 | D:5      | Reached XP level 7. HP: 51/51 MP: 7/7
  3606 | D:5      | Found a shimmering altar of Xom.
  3968 | D:5      | Found an ornate altar of the Wu Jian Council.
  4038 | D:5      | Found a shimmering blue altar of Sif Muna.
  4041 | D:5      | Found a hide-covered altar of Uskayaw.
  4104 | D:6      | Reached skill level 5 in Armour
  4119 | D:6      | Gained mutation: Spells you cast may paralyse nearby
                  | enemies. [demonic ancestry]
  4119 | D:6      | Reached XP level 8. HP: 58/58 MP: 8/8
  4144 | D:6      | Found a sacrificial altar of Ru.
  4269 | D:6      | Noticed Grinder
  4290 | D:6      | Killed Grinder
  4493 | D:6      | Found a burning altar of Makhleb.
  4852 | D:6      | Reached skill level 1 in Stealth
  4884 | D:6      | Reached XP level 9. HP: 66/66 MP: 9/9
  5151 | D:7      | Reached skill level 1 in Shields
  5220 | D:7      | Found a roughly hewn altar of Beogh.
  5292 | D:7      | Reached skill level 5 in Dodging
  5296 | D:7      | Reached skill level 5 in Fighting
  5473 | D:7      | Noticed Prince Ribbit
  5480 | D:7      | Killed Prince Ribbit
  5633 | D:7      | Found a staircase to the Ecumenical Temple.
  5639 | Temple   | Entered the Ecumenical Temple
  5648 | Temple   | Became a worshipper of Vehumet
  7102 | D:8      | Noticed Joseph
  7114 | D:8      | Killed Joseph
  7115 | D:8      | Gained mutation: You are faintly shadowed, very rarely
                  | releasing foul flame when damaged in melee. [demonic
                  | ancestry]
  7115 | D:8      | Reached XP level 10. HP: 61/76 MP: 10/10
  7230 | D:5      | Fell from the grace of Vehumet
  7230 | D:5      | Became a worshipper of Uskayaw the Reveller
  7234 | D:5      | Learned a level 2 spell: Ensorcelled Hibernation
  7319 | D:7      | Reached * piety under Uskayaw
  7475 | D:8      | Reached ** piety under Uskayaw
  7478 | D:8      | Reached *** piety under Uskayaw
  7529 | D:8      | Found an iron altar of Okawaru.
  7733 | D:9      | Reached skill level 2 in Stealth
  8122 | D:9      | Reached skill level 1 in Hexes
  8130 | D:9      | Reached skill level 1 in Short Blades
  8130 | D:9      | Reached skill level 1 in Spellcasting
  8139 | D:9      | Reached **** piety under Uskayaw
  8332 | D:9      | Found a shadowy altar of Dithmenos.
  8353 | D:9      | Found a basalt altar of Yredelemnul.
  8678 | D:9      | Reached skill level 1 in Ice Magic
  8833 | D:9      | Reached skill level 3 in Stealth
  9083 | D:9      | Noticed a two-headed ogre
  9090 | D:9      | Killed a two-headed ogre
  9091 | D:9      | Reached skill level 4 in Stealth
  9312 | D:10     | Entered Level 10 of the Dungeon
  9323 | D:10     | Found a staircase to the Orcish Mines.
  9330 | D:10     | Noticed Snorg
  9509 | D:10     | Killed Snorg
  9517 | D:10     | Gained mutation: You are shadowed, sometimes releasing foul
                  | flame when damaged in melee. [demonic ancestry]
  9517 | D:10     | Reached XP level 11. HP: 35/83 MP: 11/14
  9517 | D:10     | Reached ***** piety under Uskayaw
  9781 | D:10     | Found Veuf's General Store.
  9790 | D:10     | Bought the ring of Okawaru's Generosity {Int+4 SInv} for
                  | 395 gold pieces
 10218 | D:11     | Noticed a boulder beetle
 10225 | D:11     | Killed a boulder beetle
 10226 | D:11     | Reached skill level 5 in Stealth
 10370 | D:11     | Noticed a two-headed ogre
 10375 | D:11     | Killed a two-headed ogre
 10426 | D:11     | Noticed a boulder beetle
 10444 | D:11     | Killed a boulder beetle
 10758 | D:11     | Reached ****** piety under Uskayaw
 10776 | D:11     | Reached skill level 6 in Stealth
 11042 | D:11     | Found a staircase to the Lair.
 11744 | D:11     | Learned a level 2 spell: Jinxbite
 11834 | D:11     | Was forgiven by Vehumet
 12039 | D:12     | Noticed Urug
 12218 | D:12     | Killed Urug
 12222 | D:12     | Found a gate leading to a gauntlet.
 12329 | D:12     | Reached skill level 7 in Stealth
 12549 | D:12     | Noticed a two-headed ogre
 12554 | D:12     | Killed a two-headed ogre
 12555 | D:12     | Gained mutation: You are darkly shadowed, frequently
                  | releasing foul flame when damaged in melee. [demonic
                  | ancestry]
 12555 | D:12     | Reached XP level 12. HP: 89/89 MP: 14/18
 12661 | D:12     | Noticed Erolcha
 12662 | D:12     | Noticed Josephine
 12682 | D:12     | Killed Erolcha
 12830 | D:12     | Reached skill level 8 in Stealth
 12831 | D:12     | Reached skill level 5 in Hexes
 12965 | D:12     | Killed Josephine
 13365 | Lair:1   | Entered Level 1 of the Lair of Beasts
 13456 | Lair:1   | Noticed Nergalle
 13474 | Lair:1   | Killed Nergalle
 13831 | Lair:1   | Reached skill level 5 in Spellcasting
 13836 | Lair:1   | Reached skill level 9 in Stealth
 14425 | Lair:2   | Reached skill level 10 in Armour
 14584 | Lair:2   | Reached skill level 5 in Short Blades
 15042 | Lair:2   | Gained mutation: Spells you cast and wands you use may
                  | paralyse nearby enemies. [demonic ancestry]
 15042 | Lair:2   | Reached XP level 13. HP: 94/96 MP: 21/21
 15126 | Lair:2   | Found a staircase to the Shoals.
 15681 | Lair:3   | Reached skill level 10 in Stealth
 15910 | Lair:3   | Found a bloodstained altar of Trog.
 16335 | Lair:3   | Found a hole to the Spider Nest.
 16732 | Lair:4   | Reached skill level 11 in Stealth
 17288 | Lair:4   | Reached skill level 1 in Invocations
 17288 | Lair:4   | Reached skill level 1 in Evocations
 17413 | Lair:4   | Learned a level 3 spell: Tukima's Dance
 17499 | Lair:4   | Learned a level 5 spell: Yara's Violent Unravelling
 17841 | Lair:5   | Entered Level 5 of the Lair of Beasts
 17859 | Lair:5   | Reached skill level 1 in Alchemy
 18108 | Lair:5   | Found a viscous altar of Jiyva.
 18108 | Lair:5   | Found a staircase to the Slime Pits.
 18174 | Lair:5   | HP: 1/96 [death yak (18)]
 18719 | Lair:5   | Found a runed translucent gate.
 18720 | Lair:5   | Found a runed translucent gate.
 18721 | Lair:5   | Found a runed translucent gate.
 18721 | Lair:5   | Noticed seawaffle's ghost (journeyman MiBe)
 18773 | Lair:5   | Reached XP level 14. HP: 91/103 MP: 18/23
 18889 | Lair:5   | Reached skill level 12 in Stealth
 19243 | Lair:5   | Identified the +4 plate armour of Afyc {Dex+5}
 19287 | Abyss:1  | Cast into level 1 of the Abyss (spriggan)
 19494 | Abyss:1  | Noticed a purple draconian shifter
 19506 | Abyss:1  | Noticed a bone dragon
 19511 | Abyss:1  | Found a corrupted altar of Lugonu.
 19536 | Abyss:1  | Slain by a sixfirhy

Illustrated notes

Levels and vault maps discovered:
D:1:      amcnicky_arrival_flooded_fountain, layout_basic, serial_shops,
          nicolae_shop_window_shopping, kennysheep_boxes
D:2:      layout_basic, serial_shops, nicolae_shop_tiny_glass,
          dreamdust_ecumenical_altar_statues, minmay_misc_feat_secret_circle
D:3:      layout_basic, serial_shops, nicolae_shop_back_alley_shop
D:4:      layout_cave_pods, mainiacjoe_overflow_swirl
D:5:      nicolae_BIG_FREAKIN_CUBE, layout_loops_ring,
          grunt_temple_overflow_diamond, lemuel_round_altar, uniq_edmund
D:6:      layout_loops_ring, bloody_makhleb, hangedman_ru_absence,
          minmay_between, uniq_grinder
D:7:      layout_gridville, temple_green, david_defended_altar_orc,
          uniq_prince_ribbit1
D:8:      layout_gridville, mainiacjoe_overflow_alcove_1, serial_demonic,
          serial_demonic_b, serial_demonic_f, serial_demonic_e,
          serial_demonic_b, roderic_roman_lattice, uniq_joseph
D:9:      layout_basic, grunt_dithmenos_shadows, yredelemnul_altar_generic,
          worms_lemuel
D:10:     layout_rooms, orc_david_3, serial_shops, shop, uniq_snorg
D:11:     layout_cave_pods, minmay_lair_entry_grove, serial_glass,
          glass_columns_a, glass_columns_a, glass_columns_a, glass_columns_a,
          glass_columns_b, glass_columns_c
D:12:     layout_stronghold, gauntlet_entry_generic, uniq_urug, uniq_josephine,
          uniq_erolcha
Temple:   hellmonk_temple_of_storms
Lair:1:   statuecave_lemuel, layout_big_grid, enter_volcano_3,
          grunt_megastairs_2, uniq_nergalle
Lair:2:   layout_regular_city, minmay_shoals_entry_centaurs,
          serial_bayou_shore_b, serial_bayou_shore_b
Lair:3:   layout_gridlike, nicolae_spider_entry_non_spiders, basic_altar
Lair:4:   layout_regular_city
Lair:5:   hellmonk_lair_end_abyssal_woods, layout_gridlike,
          nicolae_slime_entry_slimehenge, gammafunk_ghost_split
Abyss:1:  base:
Lair:1

Skill      XL: |  1  2  3  4  5  6  7  8  9 10 11 12 13 14 |
---------------+-------------------------------------------+-----
Dodging        | 3 4 5 6 |  6.8
Long Blades    | 3 4 5 6 |  6.9
Armour         | 1 2 3 5 6 8 9 10 | 10.6
Fighting       | 3 4 6 7 |  7.5
Throwing       | 2 |  2.1
Stealth        | 1 4 7 9 11 12 | 12.4
Shields        | 2 |  2.2
Hexes          | 2 4 6 7 |  7.1
Short Blades   | 2 4 5 6 |  6.0
Spellcasting   | 2 4 5 6 |  6.5
Ice Magic      | 2 4 |  4.7
Invocations    | 4 |  4.6
Evocations     | 2 3 |  3.1
Alchemy        | 2 3 |  3.5

Action                     |  1- 3 |  4- 6 |  7- 9 | 10-12 | 13-15 || total
---------------------------+-------+-------+-------+-------+-------++-------
  Melee: Long sword        |   113 |    25 |       |       |       ||   138
         Kick              |    12 |    25 |   101 |   108 |   118 ||   364
         Dagger            |       |    76 |   326 |   370 |   321 ||  1093
  Throw: Javelin           |       |     2 |       |       |       ||     2
   Cast: Ensorcelled Hiber |       |       |       |    62 |    43 ||   105
         Jinxbite          |       |       |       |    12 |    16 ||    28
 Invoke: Stomp             |       |       |       |     2 |     5 ||     7
         Line Pass         |       |       |       |       |     4 ||     4
         Grand Finale      |       |       |       |       |     1 ||     1
  Evoke: Wand              |       |       |       |     3 |     5 ||     8
         Lightning rod     |       |       |       |       |     1 ||     1
    Use: Potion            |       |       |       |     2 |    10 ||    12
         Scroll            |       |       |       |     8 |     3 ||    11
   Stab: Paralysed         |       |       |       |    54 |    39 ||    93
         Sleeping          |       |       |       |    36 |    33 ||    69
         Distracted        |       |       |       |     1 |     1 ||     2
         Confused          |       |       |       |       |     2 ||     2
         Invisible         |       |       |       |       |     1 ||     1
 Armour: Scale mail        |   102 |    49 |   201 |    54 |       ||   406
         Ring mail         |       |       |       |    62 |       ||    62
         Acid dragon scale |       |       |       |   219 |   191 ||   410
         Skin              |       |       |       |       |     1 ||     1
  Dodge: Dodged            |    75 |    30 |   141 |   298 |   165 ||   709
  Block: Other             |       |       |    41 |     6 |       ||    47
         Buckler           |       |       |       |       |    25 ||    25

Table legend: (Time is in decaauts)
 A = Elapsed time spent in this place.
 B = Non-inter-level travel time spent in this place.
 C = Inter-level travel time spent in this place.
 D = Time resting spent in this place.
 E = Time spent auto-exploring this place.
 F = Levels seen in this place.
 G = Mean time per level.
                   A        B        C        D        E       F      G
               +--------+--------+--------+--------+--------+-----+--------+
         Total |  19358 |  18549 |    809 |    571 |  14832 |  19 | 1018.8 |
       Dungeon |  13301 |  12610 |    691 |    257 |  10369 |  12 | 1108.4 |
        Temple |     18 |      2 |     16 |      0 |      0 |   1 |   18.0 |
          Lair |   5797 |   5695 |    102 |    178 |   4463 |   5 | 1159.4 |
         Abyss |    240 |    240 |      0 |    136 |      0 |   1 |  240.0 |
               +--------+--------+--------+--------+--------+-----+--------+

Top non-repeatable levels by time:
    D:11: 2014 daAuts
     D:9: 1759 daAuts
  Lair:5: 1393 daAuts
  Lair:2: 1324 daAuts
     D:8: 1239 daAuts
     D:7: 1219 daAuts
     D:1: 1169 daAuts
    D:12: 1121 daAuts
  Lair:4: 1098 daAuts
  Lair:3: 1047 daAuts
     D:5: 992 daAuts
  Lair:1: 933 daAuts
     D:6: 921 daAuts
    D:10: 797 daAuts
     D:2: 755 daAuts
